 Dungeon Crawl Stone Soup version 0.31.0-9-g3a7656b989 (webtiles) character file.

Game seed: 1503995752658464730

536 qw the Shooter (level 7, 0/35 HPs)
             Began as a Spriggan Hunter on Feb 2, 2024.
             Was a Follower of Okawaru.
             Slain by a gnoll sergeant
             ... wielding a +1 antimagic spear
              (13 damage)
             ... on level 5 of the Dungeon.
             The game lasted 00:00:16 (4171 turns).

qw the Shooter (Spriggan Hunter)                    Turns: 4171, Time: 00:00:16

Health: 0/35       AC:  3    Str:  7    XL:     7   Next: 4%
Magic:  2/9        EV: 22    Int: 10    God:    Okawaru [*.....]
Gold:   166        SH:  0    Dex: 21    Spells: 6/6 levels left

rFire   . . .        j - +2 orcbow
rCold   . . .        (shield currently unavailable)
rNeg    . . .        c - +0 robe
rPois   .            (helmet restricted)
rElec   .            a - +0 cloak
rCorr   .            (gloves unavailable)
SInv    +            (boots unavailable)
Will    ++...        (no amulet)
Stlth   ++           h - ring of willpower
HPRegen 0.25/turn    (no ring)
MPRegen 0.11/turn

%: no passive effects
@: very quick
A: very small, no large weapons, unfitting armour, see invisible, speed 3
a: Renounce Religion, Heroism


You were on level 5 of the Dungeon.
You worshipped Okawaru.
Okawaru was aware of your devotion.
You visited 2 branches of the dungeon, and saw 6 of its levels.

You collected 166 gold pieces.


Innate Abilities, Weirdness & Mutations

You are very small and have problems with some larger weapons.
You are too small for most types of armour.
You have supernaturally acute eyesight. (SInv)
You cover ground extremely quickly. (Speed+++)


   Skills:
 - Level 2.2 Fighting
 + Level 6.6 Ranged Weapons
 - Level 6.5 Dodging
 - Level 1.5 Stealth
 + Level 1.4 Invocations


You had 6 spell levels left.
You didn't know any spells.
Your spell library was empty.

Inventory:

Hand Weapons
 j - a +2 orcbow (weapon)
Armour
 a - a +0 cloak (worn)
 c - a +0 robe (worn)
Jewellery
 h - a ring of willpower (left hand)
Scrolls
 g - 2 scrolls of teleportation
Potions
 b - 2 potions of haste
 d - a potion of degeneration {unknown}
 e - a potion of cancellation
 f - 2 potions of curing
 i - a potion of invisibility {unknown}
 l - 2 potions of might
 m - a potion of resistance {unknown}

Dungeon Overview and Level Annotations

Branches:
Dungeon (5/15)             Temple (1/1) D:5

Altars:
Cheibriados
Fedhas
Gozag
Makhleb
Nemelex Xobeh
Okawaru
Qazlal
Sif Muna
Trog
Uskayaw
Vehumet
Xom
Yredelemnul
Zin

Shops:
D:3 =   D:5 *


Message History

Okawaru accepts your kill.
You shoot an arrow. The arrow closely misses the gnoll.
The gnoll misses you. The gnoll hits you with a +0 flail.
You shoot an arrow. The arrow barely misses the gnoll.
The gnoll closely misses you.
You shoot an arrow. The arrow hits the gnoll!
The gnoll is almost dead.
The gnoll completely misses you.
You shoot an arrow. The arrow hits the gnoll.
You kill the gnoll!
Okawaru accepts your kill.
You shoot an arrow.
The arrow barely misses the gnoll sergeant.
The gnoll sergeant completely misses you.
You shoot an arrow.
The arrow barely misses the gnoll sergeant.
The gnoll sergeant barely misses you.
You shoot an arrow. The arrow hits the gnoll sergeant.
The gnoll sergeant is lightly wounded.
The gnoll sergeant hits you but does no damage.
The gnoll sergeant completely misses you.
You shoot an arrow.
The arrow hits the gnoll sergeant but does no damage.
The gnoll sergeant is lightly wounded.
The gnoll sergeant misses you.
You shoot an arrow.
The arrow barely misses the gnoll sergeant.
The gnoll sergeant hits you from afar with a +1 antimagic spear!
You feel your power leaking away.
You shoot an arrow.
The arrow barely misses the gnoll sergeant.
The gnoll sergeant hits you from afar with a +1 antimagic spear!
You feel your power leaking away.
You shoot an arrow. The arrow hits the gnoll sergeant.
The gnoll sergeant is lightly wounded.
The gnoll sergeant misses you.
You shoot an arrow.
The arrow barely misses the gnoll sergeant.
The gnoll sergeant hits you from afar with a +1 antimagic spear!
You die... #.##.###.####... #.##.# #.#...... #....# #.#.##(.. ###### ##..#.... ####### 7777

##.#.### #.....#
7)... #.#.#
#...###777..# #.#.#
#..##777.)..#.
##..#
####..#77)@)7..#.
######
#.))))......g..'..)
#.....
#.##..#77....7.#..g
######
#.##..##777.)..#...
###
#.##...###777..# ##
#.#### #.##.....##
7... #....#
#.##......##


7777 ##....# #.##.......# #.....# ####.##........ #.....## You could see a gnoll
sergeant.

Vanquished Creatures
  2 scorpions (D:5)
  A jelly (D:5)
  A hound (D:4)
  An orc priest (D:5)
  A gnoll bouda (D:5)
  An iguana (D:5)
  14 gnolls (D:5)
  5 adders
  A dart slug (D:3)
  3 ribbon worms
  9 orcs (D:5)
  9 ball pythons
  3 endoplasms
  A giant cockroach (D:3)
  3 goblins
  4 hobgoblins
  6 jackals (D:2)
  12 kobolds
  4 quokkas
  5 bats
  5 frilled lizards
  2 rats
93 creatures vanquished.

Notes
Turn   | Place    | Note
-------+----------+-------------------------------------------
     0 | D:1      | qw the Spriggan Hunter began the quest for the Orb.
     0 | D:1      | Reached XP level 1. HP: 10/10 MP: 2/2
     0 | D:1      | 0 ||| qw: Version: 0.3-a-155-g5e7d8dd
     0 | D:1      | 0 ||| qw: Game counter: 27
     0 | D:1      | 0 ||| qw: Melee chars always use a shield: true
     0 | D:1      | 0 ||| qw: God list: Okawaru
     0 | D:1      | 0 ||| qw: Allow faded altars: false
     0 | D:1      | 0 ||| qw: Do Orc after clearing Dungeon:15 true
     0 | D:1      | 0 ||| qw: Do second Lair branch before Depths: true
     0 | D:1      | 0 ||| qw: Lair rune preference: random
     0 | D:1      | 0 ||| qw: Goals: Normal
     0 | D:1      | 0 ||| PLANNING D:1-11
    97 | D:1      | Found a faded altar of an unknown god.
   107 | D:1      | Reached skill level 3 in Dodging
   237 | D:1      | Reached XP level 2. HP: 14/14 MP: 3/3
   987 | D:1      | 987 ||| READING scroll labelled BEIDIPSETWU.
  1088 | D:1      | 1088 ||| READING scroll labelled RUJOCU FEAM.
  1088 | D:1      | 1088 ||| IDENTIFYING metallic pink potion
  1089 | D:1      | 1089 ||| DRINKING 2 sedimented orange potions.
  1111 | D:1      | 1111 ||| DROPPING scroll of butterflies.
  1112 | D:1      | 1112 ||| DROPPING potion of lignification.
  1284 | D:2      | Reached XP level 3. HP: 18/18 MP: 4/4
  1603 | D:2      | Reached XP level 4. HP: 22/22 MP: 5/5
  1870 | D:2      | 1870 ||| UPGRADING to ring of willpower.
  1871 | D:2      | 1871 ||| READING 2 scrolls labelled POEHET BIULUNT.
  1872 | D:2      | 1872 ||| READING scroll labelled YNORAE NEODAE.
  1875 | D:2      | 1875 ||| READING scroll labelled OZOCZOCWARO.
  1875 | D:2      | 1875 ||| ENCHANTING +0 shortbow.
  1876 | D:2      | 1876 ||| DRINKING 2 blue potions.
  1877 | D:2      | 1877 ||| DROPPING scroll of revelation.
  2047 | D:3      | 2047 ||| SWAPPING to +0 orcbow.
  2048 | D:3      | 2048 ||| DROPPING +1 shortbow.
  2477 | D:3      | Found Biffudd's Jewellery Shop.
  2485 | D:3      | 2485 ||| SHOPLISTING +4 ring of protection (468 gold, have
                  | 134).
  2485 | D:3      | 2485 ||| SHOPLISTING +5 ring of evasion (468 gold, have
                  | 134).
  2485 | D:3      | 2485 ||| SHOPLISTING +6 ring of dexterity (468 gold, have
                  | 134).
  2485 | D:3      | 2485 ||| SHOPLISTING amulet of guardian spirit (390 gold,
                  | have 134).
  2485 | D:3      | 2485 ||| SHOPLISTING amulet of regeneration (390 gold, have
                  | 134).
  2485 | D:3      | 2485 ||| SHOPLISTING ring of ice (325 gold, have 134).
  2699 | D:3      | 2699 ||| READING scroll labelled XIMAER JOOTYL.
  2800 | D:3      | 2800 ||| READING scroll labelled HULASO ZEZOTZ.
  2801 | D:3      | 2801 ||| DRINKING 2 fuming black potions.
  2802 | D:3      | 2802 ||| DRINKING 2 fuming green potions.
  3184 | D:4      | 3184 ||| READING scroll of enchant weapon.
  3184 | D:4      | 3184 ||| ENCHANTING +0 orcbow.
  3380 | D:4      | Reached XP level 5. HP: 24/25 MP: 6/6
  3466 | D:4      | 3466 ||| UPGRADING to +0 cloak.
  3489 | D:5      | Entered Level 5 of the Dungeon
  3504 | D:5      | Found a staircase to the Ecumenical Temple.
  3505 | D:5      | 3505 ||| PLANNING TEMPLE
  3514 | Temple   | Entered the Ecumenical Temple
  3515 | Temple   | 3515 ||| PLANNING D:1-11
  3532 | D:5      | 3532 ||| READING scroll of enchant weapon.
  3532 | D:5      | 3532 ||| ENCHANTING +1 orcbow.
  3564 | D:5      | Found an iron altar of Okawaru.
  3565 | D:5      | 3565 ||| PLANNING OKAWARU WORSHIP
  3658 | D:5      | Became a worshipper of Warmaster Okawaru
  3659 | D:5      | 3659 ||| PLANNING D:1-11
  3706 | D:5      | Found Gucith's General Store.
  3728 | D:5      | Reached skill level 6 in Ranged Weapons
  3728 | D:5      | Reached XP level 6. HP: 30/30 MP: 7/7
  4042 | D:5      | Reached skill level 6 in Dodging
  4082 | D:5      | 4082 ||| RETREEEEATING.
  4083 | D:5      | 4083 ||| RETREEEEATING.
  4088 | D:5      | 4088 ||| RETREEEEATING.
  4092 | D:5      | Reached * piety under Okawaru
  4149 | D:5      | Found the +5 woodcutter's axe
  4149 | D:5      | 4149 ||| RETREEEEATING.
  4159 | D:5      | Reached skill level 1 in Invocations
  4159 | D:5      | Reached XP level 7. HP: 35/35 MP: 8/8
  4171 | D:5      | Slain by a gnoll sergeant

Levels and vault maps discovered:
D:1:      elethiomel_arrival_maze, layout_loops_corners,
          dreamdust_ecumenical_altar_statues, serial_forest,
          infiniplex_forest_straight_3, infiniplex_forest_end_2,
          infiniplex_forest_lined_4_way, infiniplex_forest_corner_1,
          infiniplex_forest_3_way, minmay_tall_x
D:2:      layout_basic, st_stairs_3
D:3:      layout_loops_corners, serial_shops, nicolae_shop_stone,
          serial_bayou_pond_e
D:4:      layout_basic, serial_glass, glass_columns_c, glass_columns_b,
          serial_bayou_pond_d
D:5:      layout_basic, okawaru_trees_2, temple_fountains, serial_shops, shop,
          pf_guarded_unrand_woodcutter
Temple:   hellmonk_temple_forest_ring

Skill      XL: |  1  2  3  4  5  6 |
---------------+-------------------+-----
Dodging        | 3 4 5 6 |  6.5
Ranged Weapons | 5 6 |  6.6
Fighting       | 2 |  2.2
Invocations    | 1 |  1.4
Stealth        | |  1.5

Action                     |  1- 3 |  4- 6 |  7- 9 || total
---------------------------+-------+-------+-------++-------
   Fire: Shortbow          |   130 |     3 |       ||   133
         Orcbow            |       |   143 |    13 ||   156
    Use: Scroll            |     2 |     7 |       ||     9
         Potion            |     1 |     3 |       ||     4
 Armour: Robe              |    24 |    14 |     5 ||    43
  Dodge: Dodged            |    53 |    52 |     8 ||   113

Table legend:
 A = Non-vault XP
 B = Vault XP
 C = Vault XP percentage of total XP
 D = Non-vault monster count
 E = Vault monster count
 F = Vault count percentage of total count
                 A         B        C        D         E       F
            +---------+---------+-------+---------+---------+-------
      Total |     547 |     220 |  28.7 |      75 |      18 |  19.4
            +---------+---------+-------+---------+---------+-------
        D:1 |      18 |       7 |  28.0 |      13 |       4 |  23.5
        D:2 |      56 |      17 |  23.3 |      19 |       2 |   9.5
        D:3 |      19 |       0 |   0.0 |      11 |       0 |   0.0
        D:4 |      79 |       0 |   0.0 |      13 |       0 |   0.0
        D:5 |     375 |     196 |  34.3 |      19 |      12 |  38.7
            +---------+---------+-------+---------+---------+-------
